 Dungeon Crawl Stone Soup version 0.29-a0-375-g5102b3be25 (webtiles) character file.

Game seed: 5059784217344353503

32563 Sweeb the Fencer (level 13, -4/84 HPs)
             Began as a Tengu Monk on May 3, 2022.
             Was a High Priest of Dithmenos.
             Slain by a gargoyle
             ... wielding a +0 flail
              (11 damage)
             ... on level 10 of the Dungeon.
             The game lasted 00:25:12 (17042 turns).

Sweeb the Fencer (Tengu Monk)                      Turns: 17042, Time: 00:25:13

Health: -4/84      AC:  8    Str: 12    XL:     13   Next: 65%
Magic:  14/14      EV: 16    Int: 10    God:    Dithmenos [*****.]
Gold:   890        SH:  0    Dex: 22    Spells: 12/12 levels left

rFire   . . .      SeeInvis .   B - +2 great sword (freeze)
rCold   . . .      Faith    .   (shield currently unavailable)
rNeg    . . .      Spirit   .   m - +2 acid dragon scales
rPois   .          Reflect  .   (helmet restricted)
rElec   .          Harm     .   (no cloak)
rCorr   +          Rampage  .   (no gloves)
Will    .....                   (boots unavailable)
Stlth   ++++++++..              (no amulet)
HPRegen 0.24/turn               z - +4 ring of evasion
MPRegen 0.14/turn               t - +4 ring of slaying

@: about to teleport, petrifying (expiring), flying quickly and evasively,
wreathed by umbra, very slow
A: beak, talons 3, nimble flight
a: Renounce Religion, Shadow Step, Shadow Form


You were on level 10 of the Dungeon.
You worshipped Dithmenos.
Dithmenos was extremely pleased with you.
You visited 3 branches of the dungeon, and saw 18 of its levels.

You collected 890 gold pieces.

Inventory:

Hand Weapons
 a - a +0 falchion
 l - the +9 staff of Olgreb {rPois∞}
   (You found it on level 2 of the Dungeon)

   If the wielder is skilled in Evocations, they can envenom those struck by it,
   dealing poison damage which bypasses armour.
   It enhances your poison magic.
   It grants immunity to poison.
   It can be activated via the 'a'bility menu to radiate toxic energy, with
   effectiveness depending on Evocations skill.
 y - a +2 long sword
 A - a +3 scimitar of flaming
 B - a +2 great sword of freezing (weapon)
Missiles
 h - a throwing net (quivered)
Armour
 m - +2 acid dragon scales (worn)
 E - a +1 robe of fire resistance
 I - a +0 pair of gloves
Jewellery
 d - a ring of protection from fire
 t - a +4 ring of slaying (right hand)
 z - a +4 ring of evasion (left hand)
 C - a ring of protection from fire
Wands
 e - a wand of charming (3)
 k - a wand of flame (17)
 D - a wand of acid (9)
 G - a wand of digging (5)
 J - a wand of paralysis (2)
Scrolls
 b - 6 scrolls of identify
 i - 2 scrolls of teleportation
 o - 3 scrolls of noise
 r - 4 scrolls of poison
 s - 3 scrolls of silence
 v - a scroll of enchant armour
 H - 2 scrolls of blinking {unknown}
 K - a scroll of fog
Potions
 c - a potion of ambrosia
 f - 3 potions of haste
 g - 5 potions of attraction
 j - a potion of mutation
 n - 3 potions of magic {unknown}
 p - 3 potions of flight
 q - 6 potions of curing
 u - 2 potions of cancellation
 w - 2 potions of resistance
 x - 5 potions of lignification
 F - 2 potions of might


   Skills:
 + Level 10.9 Fighting
 * Level 16.1 Long Blades
 + Level 11.8 Dodging
 + Level 11.5 Stealth


You had 12 spell levels left.
You didn't know any spells.
Your spell library contained the following spells:

 Spells                   Type           Power      Damage    Failure   Level
 Beastly Appendage        Tmut           0%         N/A       50%         1
 Scorch                   Fire           0%         2d5       65%         2
 Wereblood                Tmut           0%         N/A       65%         2
 Confusing Touch          Hex            0%         N/A       86%         3
 Inner Flame              Hex/Fire       0%         N/A       86%         3
 Portal Projectile        Hex/Tloc       0%         N/A       86%         3
 Spider Form              Tmut/Pois      0%         N/A       86%         3
 Teleport Other           Tloc           0%         N/A       86%         3
 Tukima's Dance           Hex            0%         N/A       86%         3
 Anguish                  Hex/Necr       0%         N/A       99%         4
 Flame Wave               Conj/Fire      0%         2d4       99%         4
 Fulminant Prism          Conj/Hex       0%         3d6       99%         4
 Iskenderun's Mystic Bla  Conj/Tloc      0%         2d3       99%         4
 Blade Hands              Tmut           0%         N/A       100%        5
 Excruciating Wounds      Necr           0%         N/A       100%        5
 Lee's Rapid Deconstruct  Erth           0%         3d5*      100%        5
 Summon Cactus Giant      Summ           0%         N/A       100%        6
 Enfeeble                 Hex            0%         N/A       100%        7


Dungeon Overview and Level Annotations

Branches:
Dungeon (11/15)            Temple (1/1) D:6            Lair (6/6) D:9
  Swamp (0/4) Lair:3       Spider (0/4) Lair:2        Slime (0/5) Lair:5
    Orc: D:9-12

Altars:
Ashenzari
Cheibriados
Dithmenos
Elyvilon
Fedhas
Gozag
Makhleb
Nemelex Xobeh
Okawaru
Qazlal
Ru
Sif Muna
Uskayaw
Vehumet
Xom
Zin
The Shining One
Jiyva

Shops:
D:4 !   D:9 :

Annotations:
D:3 1 runed translucent door, Crazy Yiuf
D:5 3 runed translucent doors, Zeldest's ghost, novice DjWn
Lair:6 Rupert


Innate Abilities, Weirdness & Mutations

You have a beak for a mouth.
You have claws for feet.
Your magical nature lets you fly swiftly and evasively.


Message History

The gargoyle hits you with a +0 flail!
* * * LOW HITPOINT WARNING * * *
The orc priest begins to cast a cantrip, but forgets the words!
The orc priest hits you but does no damage.
The catoblepas breathes a plume of calcifying dust at you.
The blast of calcifying dust hits the gargoyle but does no damage.
The blast of calcifying dust hits you!
* * * LOW HITPOINT WARNING * * *
The blast of calcifying dust hits the orc priest.
You turn to flesh and can move again.
As you read the scroll of teleportation, it crumbles to dust.
You feel strangely unstable.
You are engulfed in calcifying dust.
The gargoyle completely misses you.
The orc priest is engulfed in calcifying dust.
The orc priest is moving more slowly.
The orc priest invokes the aid of Beogh against you.
Pain shoots through your body!
* * * LOW HITPOINT WARNING * * *
The orc priest barely misses you.
You catch the helpless orc priest completely off-guard!
You slice the orc priest!! You freeze the orc priest.
You kill the orc priest!
Dithmenos accepts your kill.
You are engulfed in calcifying dust.
You are slowing down.
The gargoyle hurls a stone arrow at you.
The stone arrow misses you.
The orc priest hits you but does no damage.
You slice the orc priest like a ripe choko!!!
You freeze the orc priest.
You kill the orc priest!
Dithmenos accepts your kill.
You are engulfed in calcifying dust.
The gargoyle hits you with a +0 flail.
* * * LOW HITPOINT WARNING * * *
Your limbs are stiffening.
You slice the orc wizard!! You freeze the orc wizard.
You kill the orc wizard!
Dithmenos accepts your kill.
You are engulfed in calcifying dust.
The gargoyle hits you with a +0 flail!
You die...

...#.#####....#............#....#
###...........#..##.######.#....#
.....####.....# #............
####.#........#######.####.######
#.#.............. ...
#.#####.).####### ..8.
#..<..#...# ......
#####.##.#########..#.#.#.# #
#######.##.# #§@9Y#.......... ..
...........# #)##l#...#.#[#.# ..
.........### #o#§...8...).|...8.
.........# ..#§##...#.#:#.#...
.........# ####§##.............
.........# #.# #..#.#.#.#..#
.........# #.# #....YO...#
.........# #9# ##...8...##
.........# #.######...9.##


You could see a catoblepas, a basilisk, an orc warrior and a gargoyle.

Vanquished Creatures
  A catoblepas (Lair:5)
  2 two-headed ogres (D:10)
  5 hydras
  Erica (D:8)
  A manticore (D:11)
  3 elephants (Lair:3)
  7 black mambas
  A torpor snail (Lair:6)
  11 cane toads
  2 gargoyles (D:10)
  Maggie (D:9)
  A rime drake (Lair:5)
  2 kobold demonologists
  6 komodo dragons
  A troll (D:7)
  3 polar bears
  A hornet (D:8)
  10 blink frogs
  2 dream sheep (Lair:5)
  2 wyverns
  A wraith (D:11)
  A shadow (D:9)
  36 yaks
  Eustachio (D:6)
  A basilisk (Lair:5)
  2 redbacks (Lair:2)
  A steam dragon (D:8)
  2 acid dragons (D:9)
  13 water moccasins
  2 ice beasts
  An orc warrior (D:9)
  3 black bears
  A sky beast (D:7)
  3 ogres
  18 wolves
  A phantom (D:6)
  8 kobold brigands
  10 bullfrogs
  A necrophage (D:6)
  2 scorpions
  14 wights
  11 killer bees
  3 electric eels (Lair:3)
  A howler monkey (D:5)
  4 hounds
  2 orc priests (D:10)
  A gnoll shaman (D:5)
  A jelly (D:6)
  2 iguanas
  2 orc wizards
  Natasha (twice) (D:3)
  A hound zombie (D:2)
  Robin (D:3)
  3 gnolls (D:5)
  3 adders
  An adder zombie (D:2)
  A worm (D:4)
  5 dart slugs
  9 orcs
  8 bats
  8 endoplasms
  6 giant cockroaches
  11 goblins
  6 hobgoblins
  3 jackals (D:3)
  24 kobolds
  2 quokkas
  3 ball pythons
  6 frilled lizards
  A giant cockroach zombie (D:2)
  3 rats
  A butterfly (D:6)
320 creatures vanquished.

Vanquished Creatures (others)
  41 fungi
  43 plants
  3 withered plants (D:2)
87 creatures vanquished.

Grand Total: 407 creatures vanquished

Notes
Turn   | Place    | Note
-------+----------+-------------------------------------------
     0 | D:1      | Sweeb the Tengu Monk began the quest for the Orb.
     0 | D:1      | Reached XP level 1. HP: 14/14 MP: 2/2
   180 | D:1      | Reached XP level 2. HP: 19/19 MP: 3/3
   194 | D:1      | Found a faded altar of an unknown god.
   751 | D:2      | Reached XP level 3. HP: 23/23 MP: 4/4
   774 | D:2      | Found the +9 staff of Olgreb {rPois∞}
   972 | D:2      | Reached skill level 4 in Long Blades
  1120 | D:2      | Reached XP level 4. HP: 24/28 MP: 5/5
  1347 | D:3      | Noticed Robin
  1367 | D:3      | Killed Robin
  1673 | D:3      | Noticed Natasha
  1678 | D:3      | Killed Natasha
  1679 | D:3      | Gained mutation: Your magical nature lets you fly swiftly
                  | and evasively. [Tengu growth]
  1679 | D:3      | Reached XP level 5. HP: 30/32 MP: 6/6
  2140 | D:3      | Noticed Natasha
  2149 | D:3      | Killed Natasha
  2283 | D:3      | Found a runed translucent door.
  2284 | D:3      | Noticed Crazy Yiuf
  2404 | D:4      | Reached skill level 5 in Long Blades
  2446 | D:4      | Found a glowing silver altar of Zin.
  2681 | D:4      | Noticed an ogre
  2688 | D:4      | Killed an ogre
  2689 | D:4      | Reached XP level 6. HP: 38/38 MP: 7/7
  2703 | D:4      | Found a shimmering altar of Xom.
  2834 | D:4      | Found a stormy altar of Qazlal.
  2968 | D:4      | Found Ujitomif's Distillery.
  3141 | D:5      | Entered Level 5 of the Dungeon
  3313 | D:5      | Reached skill level 6 in Long Blades
  3313 | D:5      | Reached XP level 7. HP: 22/40 MP: 8/8
  3617 | D:5      | Reached skill level 5 in Dodging
  3949 | D:5      | Reached XP level 8. HP: 17/47 MP: 9/9
  4295 | D:5      | Noticed Zeldest's ghost (novice DjWn)
  4308 | D:5      | Found a runed translucent gate.
  4308 | D:5      | Found a runed translucent gate.
  4308 | D:5      | Found a runed translucent gate.
  4383 | D:5      | Reached skill level 7 in Long Blades
  4632 | D:5      | Reached skill level 5 in Fighting
  4760 | D:5      | Found an opulent altar of Gozag.
  5169 | D:5      | Reached skill level 5 in Stealth
  5173 | D:5      | HP: 2/49 [killer bee (5)]
  5641 | D:6      | Found a staircase to the Ecumenical Temple.
  5660 | D:6      | Noticed Eustachio
  5667 | Temple   | Entered the Ecumenical Temple
  5706 | Temple   | Became a worshipper of Dithmenos the Shadowed
  5706 | Temple   | Reached * piety under Dithmenos
  5706 | Temple   | Reached ** piety under Dithmenos
  5742 | D:6      | Killed Eustachio
  5839 | D:6      | Reached skill level 8 in Long Blades
  6974 | D:7      | Reached XP level 9. HP: 55/55 MP: 10/10
  7103 | D:7      | Reached skill level 9 in Long Blades
  7492 | D:7      | Noticed a troll
  7502 | D:7      | Killed a troll
  7986 | D:8      | You are sucked into a shaft and drop 3 floors!
  7986 | D:11     | Noticed a manticore
  8001 | D:11     | Killed a manticore
  8034 | D:11     | Noticed a centaur warrior
  8257 | D:11     | Reached skill level 10 in Long Blades
  8264 | D:10     | Entered Level 10 of the Dungeon
  8312 | D:10     | Noticed a two-headed ogre
  8330 | D:9      | Noticed Maggie
  8338 | D:9      | Killed Maggie
  8339 | D:9      | Reached XP level 10. HP: 61/61 MP: 11/11
  8447 | D:9      | Found Cyecink's Book Shoppe.
  8473 | D:9      | Found a blossoming altar of Fedhas.
  8530 | D:9      | Noticed a kobold demonologist
  8828 | D:8      | Reached *** piety under Dithmenos
  8995 | D:8      | Noticed Erica
  9007 | D:8      | Killed Erica
  9008 | D:8      | Reached skill level 11 in Long Blades
  9759 | D:9      | Found a staircase to the Lair.
  9764 | D:9      | Reached XP level 11. HP: 68/68 MP: 12/12
  9815 | Lair:1   | Entered Level 1 of the Lair of Beasts
  9860 | Lair:1   | Reached skill level 12 in Long Blades
 10462 | Lair:1   | Got the Tome of Unstable Enchantment
 11156 | Lair:2   | Noticed an eight-headed hydra
 11166 | Lair:2   | Killed a five-headed hydra
 11917 | Lair:2   | Reached skill level 13 in Long Blades
 11917 | Lair:2   | Found a hole to the Spider Nest.
 12258 | Lair:3   | Found a staircase to the Swamp.
 12764 | Lair:3   | Reached skill level 10 in Dodging
 12764 | Lair:3   | Reached XP level 12. HP: 66/76 MP: 13/13
 13465 | Lair:4   | Noticed a five-headed hydra
 13469 | Lair:4   | Killed a three-headed hydra
 13631 | Lair:4   | Reached skill level 14 in Long Blades
 13639 | Lair:4   | Reached skill level 10 in Stealth
 14247 | Lair:4   | Reached **** piety under Dithmenos
 14815 | Lair:5   | Found a viscous altar of Jiyva.
 14815 | Lair:5   | Found a staircase to the Slime Pits.
 14852 | Lair:5   | Noticed a catoblepas
 14854 | Lair:5   | Noticed a five-headed hydra
 14858 | Lair:5   | Killed a catoblepas
 14859 | Lair:5   | Reached skill level 10 in Fighting
 14865 | Lair:5   | Killed a one-headed hydra
 15066 | Lair:5   | Noticed a four-headed hydra
 15072 | Lair:5   | Noticed a six-headed hydra
 15083 | Lair:5   | Killed a one-headed hydra
 15084 | Lair:5   | Reached skill level 15 in Long Blades
 15086 | Lair:5   | Reached XP level 13. HP: 53/82 MP: 14/14
 16187 | Lair:6   | Entered Level 6 of the Lair of Beasts
 16319 | Lair:6   | Reached ***** piety under Dithmenos
 16383 | Lair:6   | Noticed Rupert
 16742 | D:10     | Found a shimmering blue altar of Sif Muna.
 17009 | D:10     | Reached skill level 16 in Long Blades
 17042 | D:10     | Slain by a gargoyle

Illustrated notes

Levels and vault maps discovered:
D:1:      dreamdust_arrival_sigmund_warning, layout_rooms,
          shapermc_ecumenical_altar_mp_ritualfount
D:2:      layout_basic, serial_undead, serial_undead_c, serial_undead_f,
          serial_undead_f, serial_undead_e, minmay_cupped
D:3:      layout_loops_ring, uniq_robin, uniq_natasha, uniq_crazy_yiuf_cottage
D:4:      layout_gridville, nicolae_qazlal_general_emergency,
          lemuel_round_altar, mainiacjoe_overflow_24_doors, serial_shops,
          kennysheep_mini_moat
D:5:      layout_layer_cave, lemuel_crystal_altar, gammafunk_ghost_icy,
          minmay_misc_feat_ornament, kennysheep_boxes
D:6:      layout_basic, minmay_temple_entry_butterflies,
          chequers_serial_rivers_marsh, uniq_eustachio
D:7:      layout_basic, lemuel_old_faithful
D:8:      layout_basic, uniq_erica
D:9:      layout_rooms, fedhas_altar_3, grunt_lair_entry_orc_guard_hut,
          serial_shops, shop, uniq_maggie
D:10:     minmay_roctagon, layout_basic, mainiacjoe_overflow_chevrons
D:11:     layout_basic, hiddenorc1_lemuel
Temple:   nicolae_temple_elliptical
Lair:1:   layout_chaotic_city
Lair:2:   layout_cave_pods, spider_nest_entry_webs
Lair:3:   layout_roguey, swamp_mist, infiniplex_staircase_pool,
          serial_bayou_shore_a
Lair:4:   layout_cave_pods
Lair:5:   layout_cave_pods, slime_altar_1, hangedman_lair_generics_rect
Lair:6:   hellmonk_lair_end_abyssal_woods, layout_big_grid, basic_altar,
          uniq_nessos, uniq_rupert

Skill      XL: |  1  2  3  4  5  6  7  8  9 10 11 12 13 |
---------------+----------------------------------------+-----
Long Blades    | 4 5 6 8 10 11 13 15 16 | 16.1
Dodging        | 4 5 6 7 8 10 11 | 11.8
Stealth        | 3 4 5 7 8 9 10 11 | 11.5
Fighting       | 4 5 6 7 9 10 | 10.9

Action                   |  1- 3 |  4- 6 |  7- 9 | 10-12 | 13-15 || total
-------------------------+-------+-------+-------+-------+-------++-------
Melee: Falchion          |    42 |       |       |       |       ||    42
       Kick              |    16 |    22 |    58 |   113 |    65 ||   274
       Peck              |     8 |    14 |    32 |    74 |    49 ||   177
       Staff             |    28 |   107 |    39 |       |       ||   174
       Punch             |       |       |     4 |     9 |     5 ||    18
       Long sword        |       |       |   114 |       |       ||   114
       Scimitar          |       |       |    21 |   334 |   158 ||   513
       Great sword       |       |       |       |       |    14 ||    14
Invok: Shadow Step       |       |       |       |     1 |       ||     1
  Use: Scroll            |     2 |     9 |     9 |     7 |     1 ||    28
       Potion            |       |     3 |     6 |     2 |       ||    11
 Stab: Sleeping          |     1 |     4 |    12 |    24 |     5 ||    46
       Distracted        |       |       |     1 |     2 |     1 ||     4
       Invisible         |       |       |     1 |       |       ||     1
       Petrifying        |       |       |       |       |     1 ||     1
Armor: Robe              |     5 |       |       |       |       ||     5
       Ring mail         |    22 |    27 |    16 |       |       ||    65
       Acid dragon scale |       |       |       |    25 |     9 ||    34
Dodge: Dodged            |    45 |    59 |   130 |   293 |   139 ||   666

Table legend: (Time is in decaauts)
 A = Elapsed time spent in this place.
 B = Non-inter-level travel time spent in this place.
 C = Inter-level travel time spent in this place.
 D = Time resting spent in this place.
 E = Time spent auto-exploring this place.
 F = Levels seen in this place.
 G = Mean time per level.
                   A        B        C        D        E       F      G
               +--------+--------+--------+--------+--------+-----+--------+
         Total |  16025 |  15462 |    563 |   3801 |   9092 |  18 |  890.3 |
       Dungeon |   9783 |   9493 |    290 |   2531 |   5313 |  11 |  889.4 |
        Temple |     56 |     36 |     20 |      0 |     23 |   1 |   56.0 |
          Lair |   6185 |   5933 |    252 |   1270 |   3756 |   6 | 1030.8 |
               +--------+--------+--------+--------+--------+-----+--------+

Top non-repeatable levels by time:
     D:5: 2348 daAuts
  Lair:5: 1543 daAuts
     D:6: 1231 daAuts
  Lair:1: 1142 daAuts
  Lair:2: 1135 daAuts
  Lair:3: 1125 daAuts
  Lair:4: 1041 daAuts
     D:3: 1036 daAuts
     D:8: 1006 daAuts
     D:7: 914 daAuts
     D:1: 723 daAuts
     D:4: 710 daAuts
     D:2: 606 daAuts
     D:9: 517 daAuts
    D:10: 414 daAuts
